 Dungeon Crawl Stone Soup version 0.23-a0-844-gdc03e01 (console) character file.

245 bli the Slasher (level 6, -3/47 HPs)
             Began as a Merfolk Monk on Jan 26, 2019.
             Slain by Blork the orc
             ... wielding a +0 mace
              (9 damage)
             ... on level 4 of the Dungeon.
             The game lasted 00:09:13 (2343 turns).

bli the Slasher (Merfolk Monk)                      Turns: 2343, Time: 00:09:13

Health: -3/47      AC:  2    Str: 11    XL:     6   Next: 10%
Magic:  6/6        EV: 17    Int:  9    God:
Gold:   146        SH:  0    Dex: 19    Spells: 5/5 levels left

rFire    . . .     SeeInvis .   a - +0 falchion
rCold    . . .     Gourm    .   (no shield)
rNeg     . . .     Faith    .   i - +0 robe
rPois    .         Spirit   .   (no helmet)
rElec    .         Reflect  .   (no cloak)
rCorr    .         Harm     .   (no gloves)
MR       .....                  (no boots)
Stlth    ++........             h - amulet of regeneration
HPRegen  0.55/turn              t - +1 ring of evasion
MPRegen  0.10/turn              u - +2 ring of slaying

@: no status effects
A: change form in water, swift swim, stealthy swim
a: no special abilities


You were on level 4 of the Dungeon.
You were not hungry.

You visited 1 branch of the dungeon, and saw 4 of its levels.

You collected 146 gold pieces.

Inventory:

Hand Weapons
 a - a +0 falchion (weapon)
 b - a +0 dagger
Missiles
 j - 26 poisoned needles
 l - 19 sling bullets
 q - a throwing net (quivered)
Armour
 i - a +0 robe (worn)
Jewellery
 h - an amulet of regeneration (around neck)
 t - a +1 ring of evasion (left hand)
 u - a +2 ring of slaying (right hand)
Scrolls
 d - a scroll of immolation {unknown}
 e - 2 scrolls of magic mapping {unknown}
 g - a scroll of blinking {unknown}
 m - a scroll of remove curse
 o - 2 scrolls of teleportation
 r - a scroll of identify
 s - 2 scrolls of enchant weapon {unknown}
 v - a scroll of enchant armour {unknown}
Potions
 k - 2 potions of heal wounds {unknown}
 n - a potion of curing {unknown}
 p - a potion of lignification
Comestibles
 c - 6 rations
 f - 9 chunks of flesh


   Skills:
 * Level 3.5 Fighting
 + Level 0.5(4.4) Short Blades
 * Level 6.4 Long Blades
 + Level 5.1 Dodging
 + Level 2.4 Stealth


You had 5 spell levels left.
You didn't know any spells.
Your spell library was empty.

Dungeon Overview and Level Annotations

Branches:
Dungeon (4/15)
 Temple: D:4-7

Altars:
Dithmenos
The Shining One

Annotations:
D:4 Blork the orc, Natasha


Message History

Natasha barely misses you. Something hits you!
There is an open door here.
You barely miss Natasha.
Natasha is lightly wounded.
Natasha barely misses you. Something barely misses you.
You hit Natasha.
Natasha is moderately wounded.
Something hits you. Natasha closely misses you.
You barely miss Natasha.
Natasha is moderately wounded.
Something hits you. Natasha completely misses you.
You hit Natasha.
Natasha is heavily wounded.
Something hits you! Natasha claws you. Something hits you!
* * * LOW HITPOINT WARNING * * *
You closely miss Natasha.
Natasha is heavily wounded.
Natasha misses you. Something hits you!
You die...

#####.......#
#...'.......#
#.###.......#
#.# #.......#
#.# #.......#
#.# #.......#
#.# #.......#
#.# #.......#
#.# #.......#
#.###h......#
#.#.@.......+
#.#.#......$#
#...#####+###
#####


You could see Natasha.

Vanquished Creatures
  An orc wizard (D:3)
  2 orc priests
  4 gnolls (D:2)
  4 adders
  3 worms
  2 dart slugs
  4 leopard geckos
  An orc (D:4)
  4 bats
  3 giant cockroaches
  7 goblins
  7 hobgoblins
  3 jackals (D:3)
  A quokka (D:4)
  A ball python (D:1)
  10 frilled lizards
  A giant cockroach zombie (D:3)
  A jackal skeleton (D:4)
  6 kobolds
  10 rats
75 creatures vanquished.

Notes
Turn   | Place    | Note
-------+----------+-------------------------------------------
     0 | D:1      | bli the Merfolk Monk began the quest for the Orb.
     0 | D:1      | Reached XP level 1. HP: 18/18 MP: 1/1
   302 | D:1      | Reached XP level 2. HP: 23/24 MP: 2/2
   360 | D:1      | Reached skill level 4 in Long Blades
   642 | D:1      | Reached XP level 3. HP: 29/29 MP: 3/3
   861 | D:2      | Reached skill level 5 in Long Blades
   872 | D:2      | Reached XP level 4. HP: 24/35 MP: 4/4
  1238 | D:2      | Found a glowing golden altar of the Shining One.
  1579 | D:3      | Found a faded altar of an unknown god.
  1584 | D:3      | Found a shadowy altar of Dithmenos.
  1648 | D:3      | Reached XP level 5. HP: 36/41 MP: 5/5
  1920 | D:3      | Reached skill level 5 in Dodging
  2188 | D:3      | Reached skill level 6 in Long Blades
  2254 | D:4      | Reached XP level 6. HP: 36/47 MP: 6/6
  2333 | D:4      | Noticed Blork the orc
  2333 | D:4      | Noticed Natasha
  2343 | D:4      | Slain by Blork the orc

Vault maps used:
D:1:      nzn_arrival_crosshair, serial_bayou_lagoon_a
D:2:      tso_metal_star
D:3:      nicolae_overflow_crystal_walls, chequers_ecumenical_altar_simple
D:4:      first_ration, uniq_blork_the_orc, uniq_natasha

Skill      XL: |  1  2  3  4  5 |
---------------+----------------+-----
Long Blades    | 4 5 6 |  6.4
Dodging        | 5 |  5.1
Fighting       | |  3.5
Short Blades   | |  0.5
Stealth        | |  2.4

Action                   |  1- 3 |  4- 6 || total
-------------------------+-------+-------++-------
Melee: Falchion          |    86 |   137 ||   223
       Dagger            |       |    41 ||    41
  Use: Scroll            |       |     4 ||     4
 Stab: Sleeping          |       |     6 ||     6
  Eat: Chunk             |       |     5 ||     5
Armor: Robe              |     8 |    11 ||    19
Dodge: Dodged            |    71 |   111 ||   182
       Rpst.: Falchion   |    21 |    31 ||    52

Table legend:
 A = Non-vault XP
 B = Vault XP
 C = Vault XP percentage of total XP
 D = Non-vault monster count
 E = Vault monster count
 F = Vault count percentage of total count
                 A         B        C        D         E       F
            +---------+---------+-------+---------+---------+-------
      Total |     350 |       0 |   0.0 |      75 |       0 |   0.0
            +---------+---------+-------+---------+---------+-------
        D:1 |      36 |       0 |   0.0 |      23 |       0 |   0.0
        D:2 |     103 |       0 |   0.0 |      16 |       0 |   0.0
        D:3 |     162 |       0 |   0.0 |      32 |       0 |   0.0
        D:4 |      49 |       0 |   0.0 |       4 |       0 |   0.0
            +---------+---------+-------+---------+---------+-------
